 Dungeon Crawl Stone Soup version 0.23-a0-701-gd76f34b (console) character file.

44 Duffy the Firebug (level 3, -1/24 HPs)
             Began as a Demonspawn Fire Elementalist on Jan 12, 2019.
             Slain by Sigmund
             ... wielding a +0 scythe
              (12 damage)
             ... on level 2 of the Dungeon.
             The game lasted 00:01:19 (1707 turns).

Duffy the Firebug (Demonspawn Fire Elementalist)    Turns: 1707, Time: 00:01:20

Health: -1/24      AC:  2    Str: 12    XL:     3   Next: 39%
Magic:  0/6        EV: 12    Int: 17    God:
Gold:   88         SH:  0    Dex: 13    Spells: 2/6 levels left

rFire    . . .     SeeInvis .   (no weapon)
rCold    . . .     Gourm    .   (no shield)
rNeg     . . .     Faith    .   a - +0 robe
rPois    .         Spirit   .   (helmet restricted)
rElec    .         Reflect  .   (no cloak)
rCorr    .         Harm     .   (no gloves)
MR       .....                  (no boots)
Stlth    ++........             (no amulet)
HPRegen  0.08/turn              e - +4 ring of strength
MPRegen  0.10/turn              (no ring)

@: very slightly contaminated
A: antennae 1, powered by death 1
a: no special abilities


You were on level 2 of the Dungeon.
You were not hungry.

You visited 1 branch of the dungeon, and saw 2 of its levels.

You collected 88 gold pieces.

Inventory:

Armour
 a - a +0 robe (worn)
Jewellery
 e - a +4 ring of strength (left hand)
Scrolls
 f - a scroll of identify {unknown}
 g - a scroll of random uselessness {unknown}
 i - a scroll of blinking {unknown}
 j - a scroll of remove curse {unknown}
Potions
 b - a potion of curing {unknown}
 d - a potion of resistance {unknown}
 h - a potion of flight {unknown}
Comestibles
 c - 3 rations


   Skills:
 - Level 1.7 Dodging
 - Level 1.7 Stealth
 + Level 2.3 Spellcasting
 + Level 2.6 Conjurations
 + Level 3.0 Fire Magic


You had 2 spell levels left.
You knew the following spells:

 Your Spells              Type           Power        Failure   Level  Hunger
h - Flame Tongue          Conj/Fire      ##...        6%          1    #......
l - Conjure Flame         Conj/Fire      ##......     17%         3    ###....

Your spell library contained the following spells:

 Spells                   Type           Power        Failure   Level  Hunger
 Throw Flame              Conj/Fire      ##....       9%          2    ##.....
 Inner Flame              Hex/Fire       #.......     30%         3    ###....
 Sticky Flame             Conj/Fire      ##......     50%         4    #####..
 Fireball                 Conj/Fire      ##........   85%         5    ######.


Dungeon Overview and Level Annotations

Branches:
Dungeon (2/15)

Altars:
Dithmenos

Annotations:
D:2 Sigmund


Innate Abilities, Weirdness & Mutations

You have a pair of small antennae on your head.
You regenerate a little health from kills.


Message History

You are very lightly contaminated with residual magic.
Nothing appears to happen.
Casting: Flame Tongue (safe; 6% risk of failure)
Confirm with . or Enter, or press ? or * to list all spells.
Aiming: Flame Tongue (safe; 6% risk of failure)
Press: ? - help, Shift-Dir - straight line, f/p - Sigmund
Aim: Sigmund, wielding a +0 scythe and wearing a cursed +0 robe (heavily wounded)
The flame tongue hits Sigmund.
Sigmund appears unharmed.
Sigmund is heavily wounded.
Sigmund misses you.
Casting: Flame Tongue (safe; 6% risk of failure)
Confirm with . or Enter, or press ? or * to list all spells.
Aiming: Flame Tongue (safe; 6% risk of failure)
Press: ? - help, Shift-Dir - straight line, f/p - Sigmund
Aim: Sigmund, wielding a +0 scythe and wearing a cursed +0 robe (heavily wounded)
The flame tongue hits Sigmund.
Sigmund is heavily wounded.
Sigmund hits you with a +0 scythe!
Ouch! That really hurt!
You die...

### ... ..# #### #.#
###..## #.# #.###...(.##
#@# #.##..##...# #@#
#.#[...##..#### #.#
#.#..._.#...... #.#
#.#....##..#### #.#
#.##..##......) #.#
#)###.....##### #.#
#.#####..##
.###########.###.##.##.##
..............#.....##.##
#...................>..#


You could see Sigmund.

Vanquished Creatures
  An adder (D:2)
  An ooze (D:1)
  A worm (D:2)
  4 goblins
  5 hobgoblins
  3 jackals (D:2)
  3 bats
  3 frilled lizards
  8 rats
29 creatures vanquished.

Notes
Turn   | Place    | Note
-------+----------+-------------------------------------------
     0 | D:1      | Duffy the Demonspawn Fire Elementalist began the quest for
                  | the Orb.
     0 | D:1      | Reached XP level 1. HP: 13/13 MP: 3/3
   499 | D:1      | Gained mutation: You regenerate a little health from kills.
                  | [demonic ancestry]
   499 | D:1      | Reached XP level 2. HP: 19/19 MP: 3/5
  1384 | D:2      | Reached skill level 3 in Fire Magic
  1384 | D:2      | Gained mutation: You have a pair of small antennae on your
                  | head. [demonic ancestry]
  1384 | D:2      | Reached XP level 3. HP: 24/24 MP: 2/6
  1395 | D:2      | Learned a level 3 spell: Conjure Flame
  1536 | D:2      | Found a shadowy altar of Dithmenos.
  1696 | D:2      | Noticed Sigmund
  1707 | D:2      | Slain by Sigmund

Vault maps used:
D:1:      roderic_crossed_star
D:2:      fedhas_altar_2, nicolae_dithmenos_through_a_glass_darkly,
          uniq_crazy_yiuf_cottage, uniq_sigmund

Skill      XL: |  1  2 |
---------------+-------+-----
Conjurations   | 2 |  2.6
Fire Magic     | 3 |  3.0
Dodging        | |  1.7
Stealth        | |  1.7
Spellcasting   | |  2.3

Action                   || total
-------------------------++-------
Melee: Unarmed           ||    14
 Cast: Flame Tongue      ||    56
  Eat: Chunk             ||     3
Armor: Robe              ||    11
Dodge: Dodged            ||    25

Table legend:
 A = Non-vault XP
 B = Vault XP
 C = Vault XP percentage of total XP
 D = Non-vault monster count
 E = Vault monster count
 F = Vault count percentage of total count
                 A         B        C        D         E       F
            +---------+---------+-------+---------+---------+-------
      Total |      63 |       0 |   0.0 |      29 |       0 |   0.0
            +---------+---------+-------+---------+---------+-------
        D:1 |      25 |       0 |   0.0 |      14 |       0 |   0.0
        D:2 |      38 |       0 |   0.0 |      15 |       0 |   0.0
            +---------+---------+-------+---------+---------+-------
